 Dungeon Crawl Stone Soup version 0.31-a0-441-g867994ef1c (webtiles) character file.

Game seed: 255762977973695997

571585 motkuripss the Slayer (level 26, -20/232 HPs)
             Began as a Vine Stalker Fighter on Aug 1, 2023.
             Was an Elder of Uskayaw.
             Killed from afar by a black draconian knight (21 damage)
             ... with a bolt of lightning
             ... led by a red draconian scorcher
             ... on level 5 of the Realm of Zot on Aug 2, 2023.
             The game lasted 07:00:19 (66004 turns).

motkuripss the Slayer (Vine Stalker Fighter)       Turns: 66004, Time: 07:00:22

Health: -20/232    AC: 25    Str: 22 (23) XL:     26   Next: 98%
Magic:  0/38       EV: 25    Int:  7      God:    Uskayaw [****..]
Gold:   4014       SH: 33    Dex: 25 (27) Spells: 45/45 levels left

rFire   + + .        K - +3 demon blade (flame)
rCold   . . .        g - +10 tower shield of Ignorance {rN+ Int-4}
rNeg    + . .        S - +4 faerie dragon scales {+Blink rPois rCorr Str+8 Int-5}
rPois   +            Z - +2 helmet
rElec   .            M - +2 cloak {rCorr}
rCorr   +            c - +2 pair of gloves {infuse}
SInv    .            e - +2 pair of boots
Will    ++++.        X - amulet of Vitality {RegenMP++ Regen++} Stlth
                     H - ring "Zuhidijo" {rF+ rCorr Str-5 Int+10}
HPRegen 2.98/turn    q - ring of the Kraken {rF+ Will+}
MPRegen 1.06/turn

%: guardian spirit
@: berserking, studying Short Blades, very quick
A: fangs 3, regeneration 1, magic shield, antimagic bite, no potion heal 2, thin
skeletal structure 1, dopey 1, inability to drink after injury 1
}: 3/15 runes: serpentine, barnacled, silver
a: Renounce Religion, Evoke Blink, Stomp, Line Pass


You were on level 5 of the Realm of Zot.
You worshipped Uskayaw.
Uskayaw was most pleased with you.
You visited 10 branches of the dungeon, and saw 48 of its levels.
You also visited: Bailey and Ice Cave.

You collected 7581 gold pieces.
You spent 3567 gold pieces at shops.

Inventory:

Hand Weapons
 K - a +3 demon blade of flaming (weapon)
Missiles
 v - 22 throwing nets
 z - 9 silver javelins
Armour
 c - a +2 pair of gloves of infusion (worn)
 e - a +2 pair of boots (worn)
 g - the +10 tower shield of Ignorance (worn) {rN+ Int-4}
   (You found it on level 1 of the Orcish Mines)

   Int:       It affects your intelligence (-4).
   rN:        It protects you from negative energy.
 j - the +3 warlock's mirror {omnireflect}
   (You bought it in a shop on level 3 of the Shoals)

   Omnireflect: It can block and reflect piercing ranged attacks and magical
   attacks against the wielder's willpower.
 y - a +2 cloak
 M - a +2 cloak of preservation (worn)
 R - the +1 robe of Grace {rF++ rC+ Int-2 Slay+3}
   (You found it on level 12 of the Dungeon)

   Int:       It affects your intelligence (-2).
   Slay:      It affects your accuracy & damage with ranged weapons and melee
   (+3).
   rF:        It greatly protects you from fire.
   rC:        It protects you from cold.
 S - the +4 faerie dragon scales (worn) {+Blink rPois rCorr Str+8 Int-5}
   (You took it off the Enchantress on level 3 of the Depths)

   Str:       It affects your strength (+8).
   Int:       It affects your intelligence (-5).
   rPois:     It protects you from poison.
   +Blink:    It lets you blink.
   rCorr:     It protects you from acid and corrosion.
 Z - a +2 helmet (worn)
Jewellery
 q - the ring of the Kraken (right hand) {rF+ Will+}
   (You took it off a vault warden on level 5 of the Vaults)

   [ring of protection from fire]

   rF:        It protects you from fire.
   Will:      It increases your willpower.
 G - the amulet of the Greedy {Reflect Str+5 Int-4 Dex+2 SH+5}
   (You took it off a fire giant on level 5 of the Vaults)

   [amulet of reflection]

   It reflects blocked missile attacks.
   Str:       It affects your strength (+5).
   Int:       It affects your intelligence (-4).
   Dex:       It affects your dexterity (+2).
   SH:        It affects your SH (+5).
 H - the ring "Zuhidijo" (left hand) {rF+ rCorr Str-5 Int+10}
   (You took it off a deep elf sorcerer on level 3 of the Elven Halls)

   [ring of protection from fire]

   Str:       It affects your strength (-5).
   Int:       It affects your intelligence (+10).
   rF:        It protects you from fire.
   rCorr:     It protects you from acid and corrosion.
 L - the amulet of Kisk {Will++ Regen+ Dex+5}
   (You bought it in a shop on level 2 of the Orcish Mines)

   [amulet of regeneration]

   Dex:       It affects your dexterity (+5).
   Regen:     It increases your rate of health regeneration.
   Will:      It greatly increases your willpower.
 N - the ring "Baitox" {rPois rC+ SInv}
   (You found it on level 12 of the Dungeon)

   [ring of protection from cold]

   rC:        It protects you from cold.
   rPois:     It protects you from poison.
   SInv:      It lets you see invisible.
 X - the amulet of Vitality (around neck) {RegenMP++ Regen++}
   (You took it off a deep elf demonologist on level 3 of the Elven Halls)

   [amulet of magic regeneration]

   It increases your rate of magic regeneration.
   Regen:     It increases your rate of health regeneration.
Wands
 i - a wand of roots (35)
 n - a wand of paralysis (47)
 B - a wand of quicksilver (25)
 P - a wand of mindburst (6)
 Q - a wand of digging (12)
 T - a wand of flame (24)
Scrolls
 a - a scroll of blinking
 b - 3 scrolls of enchant weapon
 o - 11 scrolls of teleportation
 p - 8 scrolls of enchant armour
 r - 9 scrolls of summoning
 t - 12 scrolls of fog
 A - 6 scrolls of poison
 E - 3 scrolls of fear
 F - 7 scrolls of silence
 J - 3 scrolls of revelation
Potions
 d - a potion of might
 f - 16 potions of curing
 h - 8 potions of mutation
 l - 4 potions of magic
 m - 2 potions of berserk rage
 s - 10 potions of enlightenment
 u - 4 potions of brilliance
 x - 3 potions of invisibility
 C - a potion of ambrosia
 I - a potion of resistance
 V - 2 potions of haste
 W - 4 potions of attraction
 Y - a potion of cancellation
Miscellaneous
 k - a phantom mirror
 w - a lightning rod (3/4)
 D - a tin of tremorstones (2/2)
 O - a sack of spiders
 U - a phial of floods


   Skills:
 + Level 21.1 Fighting
 - Level 19.0(19.9) Short Blades
 - Level 10.6(16.0) Long Blades
 - Level 6.0 Throwing
 - Level 8.0 Armour
 - Level 16.0 Dodging
 - Level 18.0 Stealth
 - Level 18.0 Shields
 - Level 10.0 Spellcasting
 - Level 16.0 Invocations
 - Level 7.0 Evocations


You had 45 spell levels left.
You didn't know any spells.
Your spell library contained the following spells:

 Spells                   Type           Power      Damage    Failure   Level
 Apportation              Tloc           6%         N/A       38%         1
 Foxfire                  Conj/Fire      12%        2x1d4     38%         1
 Freeze                   Ice            12%        1d3       38%         1
 Kiss of Death            Conj/Necr      12%        2d6       38%         1
 Magic Dart               Conj           12%        1d3       38%         1
 Sandblast                Erth           6%         2d5       38%         1
 Shock                    Conj/Air       12%        1d3       38%         1
 Slow                     Hex            12%        N/A       38%         1
 Sting                    Tmut/Pois      12%        1d3       38%         1
 Summon Small Mammal      Summ           12%        N/A       38%         1
 Blink                    Tloc           6%         N/A       54%         2
 Cigotuvi's Dreadful Rot  Necr/Pois/Air  6%         N/A       54%         2
 Ensorcelled Hibernation  Hex/Ice        6%         N/A       54%         2
 Lesser Beckoning         Tloc           6%         N/A       54%         2
 Momentum Strike          Conj/Tloc      6%         3d8       54%         2
 Passwall                 Tmut/Erth      2%         N/A       54%         2
 Poisonous Vapours        Pois/Air       6%         N/A       54%         2
 Scorch                   Fire           6%         2d5       54%         2
 Searing Ray              Conj           6%         2d4       54%         2
 Static Discharge         Conj/Air       6%         2-3/arc   54%         2
 Wereblood                Tmut           3%         N/A       54%         2
 Call Canine Familiar     Summ           3%         N/A       77%         3
 Confusing Touch          Hex            3%         N/A       77%         3
 Dazzling Flash           Conj/Hex       6%         N/A       77%         3
 Frozen Ramparts          Ice            6%         1d1       77%         3
 Gell's Gravitas          Tloc           3%         N/A       77%         3
 Hailstorm                Conj/Ice       3%         3d3       77%         3
 Ignite Poison            Fire/Tmut/Pois 3%         N/A       77%         3
 Inner Flame              Hex/Fire       3%         N/A       77%         3
 Ozocubu's Armour         Ice            3%         N/A       77%         3
 Portal Projectile        Hex/Tloc       6%         N/A       77%         3
 Stone Arrow              Conj/Erth      6%         3d7       77%         3
 Summon Guardian Golem    Hex/Summ       3%         N/A       77%         3
 Swiftness                Air            3%         N/A       77%         3
 Teleport Other           Tloc           3%         N/A       77%         3
 Tukima's Dance           Hex            3%         N/A       77%         3
 Vampiric Draining        Necr           3%         2d6       77%         3
 Vhi's Electric Charge    Tloc/Air       6%         N/A       77%         3
 Volatile Blastmotes      Fire/Tloc      6%         2d10      77%         3
 Airstrike                Air            1%         2d(1-17)  99%         4
 Anguish                  Hex/Necr       1%         N/A       99%         4
 Animate Armour           Summ/Erth      6%         N/A       99%         4
 Animate Dead             Necr           3%         N/A       99%         4
 Dispel Undead            Necr           3%         3d7       99%         4
 Flame Wave               Conj/Fire      3%         2d5       99%         4
 Fulminant Prism          Conj/Hex       1%         3d5       99%         4
 Iskenderun's Mystic Bla  Conj/Tloc      3%         2d3       99%         4
 Leda's Liquefaction      Hex/Erth       1%         N/A       99%         4
 Manifold Assault         Tloc           3%         N/A       99%         4
 Olgreb's Toxic Radiance  Pois           3%         N/A       99%         4
 Sticky Flame             Conj/Fire      3%         2d3       99%         4
 Summon Ice Beast         Ice/Summ       3%         N/A       99%         4
 Summon Lightning Spire   Summ/Air       3%         N/A       99%         4
 Agony                    Necr           3%         N/A       100%        5
 Alistair's Intoxication  Tmut/Pois      2%         N/A       100%        5
 Arcjolt                  Conj/Air       1%         1d11      100%        5
 Borgnjor's Vile Clutch   Necr/Erth      1%         N/A       100%        5
 Freezing Cloud           Conj/Ice/Air   1%         6-21      100%        5
 Irradiate                Conj/Tmut      1%         3d12      100%        5
 Iskenderun's Battlesphe  Conj           3%         2d6       100%        5
 Lee's Rapid Deconstruct  Erth           1%         3d4*      100%        5
 Metabolic Englaciation   Hex/Ice        1%         N/A       100%        5
 Silence                  Hex/Air        1%         N/A       100%        5
 Summon Forest            Summ/Tloc      1%         N/A       100%        5
 Summon Mana Viper        Hex/Summ       3%         N/A       100%        5
 Yara's Violent Unravell  Hex/Tmut       1%         3d3       100%        5
 Conjure Ball Lightning   Conj/Air       1%         3x3d6     100%        6
 Death Channel            Necr           1%         N/A       100%        6
 Dispersal                Tloc           1%         N/A       100%        6
 Leda's Unmaking          Conj/Erth      1%         9d1       100%        6
 Plasma Beam              Fire/Air       1%         2x1d11    100%        6
 Simulacrum               Ice/Necr       1%         N/A       100%        6
 Starburst                Conj/Fire      1%         6d3       100%        6
 Summon Cactus Giant      Summ           1%         N/A       100%        6
 Enfeeble                 Hex            1%         N/A       100%        7
 Haunt                    Necr/Summ      1%         N/A       100%        7
 Monstrous Menagerie      Summ           1%         N/A       100%        7
 Orb of Destruction       Conj           1%         9d5       100%        7
 Spellforged Servitor     Conj/Summ      1%         N/A       100%        7
 Disjunction              Tloc           1%         N/A       100%        8
 Ignition                 Fire           1%         3d3       100%        8
 Lehudib's Crystal Spear  Conj/Erth      1%         10d2      100%        8
 Maxwell's Capacitive Co  Air            1%         ∞         100%        8
 Death's Door             Necr           1%         N/A       100%        9
 Fire Storm               Conj/Fire      1%         8d1       100%        9
 Shatter                  Erth           1%         3d6*      100%        9


Dungeon Overview and Level Annotations

Branches:
Dungeon (15/15)            Temple (1/1) D:4            Lair (5/5) D:9
 Shoals (4/4) Lair:3        Snake (4/4) Lair:3        Slime (0/5) Lair:4
    Orc (2/2) D:11            Elf (3/3) Orc:2        Vaults (5/5) D:13
  Crypt (0/3) Vaults:2     Depths (4/4) D:15            Zot (5/5) Depths:4
 Bailey (visited)           IceCv (visited)

Altars:
Ashenzari
Cheibriados
Dithmenos
Elyvilon
Fedhas
Gozag
Hepliaklqana
Kikubaaqudgha
Makhleb
Nemelex Xobeh
Okawaru
Qazlal
Ru
Sif Muna
Trog
Uskayaw
Vehumet
Wu Jian
Xom
Yredelemnul
Zin
The Shining One
Jiyva

Shops:
D:10 :   Orc:1 ?   Orc:2 [(=   Elf:2 *   Elf:3 *   Shoals:3 [   Snake:3 *
Vaults:4 !   Depths:2 (([(   Depths:4 *

Portals:
Hell: Depths:1 Depths:2 Depths:3 Depths:4
Abyss: Depths:1 Depths:3 Depths:4
Pandemonium: Depths:1 Depths:2 Depths:3
Ziggurat: Depths:4
Trove: Vaults:2 (show abyssal rune of Zot)

Annotations:
D:2 exclusion: downstairs
D:5 exclusion: downstairs
D:6 exclusion: downstairs
D:7 exclusion: downstairs
D:11 exclusion: downstairs
Lair:3 exclusion: downstairs
Lair:4 exclusion: downstairs
Shoals:1 exclusion: downstairs
Shoals:2 exclusion: downstairs
Snake:1 exclusion: 2 downstairs
Orc:1 exclusion: 4 orange crystal statues
Depths:4 3 runed translucent doors
Zot:3 3 runed translucent doors, Jofris Vesimp's ghost, legendary GnFE; Juzit's ghost, legendary GnFi; ShutUppercut's ghost, legendary DsGl


Innate Abilities, Weirdness & Mutations

You have razor-sharp teeth.
Your natural rate of healing is unusually fast.
When hurt, damage is shared between your health and your magic reserves.
Your bite disrupts and absorbs the magic of your enemies.
Potions cannot restore your health.
You have a somewhat thin skeletal structure. (Dex +2, Stealth+)
You are dopey. (Int -2)
You occasionally lose the ability to drink potions when taking damage.


Message History

You block the purple draconian's attack.
You closely miss the purple draconian. You bite the purple draconian.
You drain its power.
You feel invigorated.
The purple draconian is severely wounded.
Something hits you!
* * * LOW HITPOINT WARNING * * *
Something freezes you.
* * * LOW HITPOINT WARNING * * *
You barely miss the purple draconian. Your bite misses the purple draconian.
The purple draconian is severely wounded.
You block the purple draconian's attack.
A bolt of lightning appears from out of thin air!
The bolt of lightning hits you!!!
* * * LOW HITPOINT WARNING * * *
The bolt of lightning misses you.
The bolt of lightning hits something. x2
You hear a deafening roar!
You hear a roar!
You hit the purple draconian. You burn the purple draconian.
You bite the purple draconian!
You kill the purple draconian!
Something hits you but does no damage.
Uskayaw will force your foes to share their pain.
You barely miss something. Something blocks your attack. Something hits you!
* * * LOW HITPOINT WARNING * * *
Something hits you.
* * * LOW HITPOINT WARNING * * *
Something freezes you.
The dread lich casts a spell.
You are too berserk!
You hit something but do no damage. Something hits you!
* * * LOW HITPOINT WARNING * * *
You block something's attack.
You hit something but do no damage. Something blocks your attack.
Your bite misses something.
You hear some strange, mumbled words.
A shard of ice appears from out of thin air!
The shard of ice hits you!!
* * * LOW HITPOINT WARNING * * *
A bolt of lightning appears from out of thin air!
The bolt of lightning hits you!!
You die...

### #......###...# #...# *,..<.*
..# #.......##...###...# *.....*
..# #...#...########...###...#**
..# #####...########.........###*
### #...########...).......,, #
##...#######.........#*** #
####.⌠.#######...##....####
#######......####................
..............))@{..L.2.......^..
................{................
#######################......###*
# ################)#### #
################.)# #
#################.#
*********#####▓▓▓▓########.######
,,,,,,,^,....##▓▓▓#..^.....))....
,,,,^,,,,,,,,,** ##.............


You could see a dread lich and a shadow demon (summoned).

Vanquished Creatures
  5 dread liches (Zot:5)
  2 ancient liches (Zot:5)
  3 orbs of fire (Zot:5)
  Mennas (Vaults:5)
  Mara (Shoals:4)
  Frederick (Vaults:5)
  6 Killer Klowns
  Margery (Vaults:2)
  4 caustic shrikes
  5 curse toes
  Saint Roka (Vaults:3)
  Vashnia (Snake:2)
  9 golden dragons
  A bone dragon (Depths:4)
  the Enchantress (Depths:3)
  A Brimstone Fiend (Zot:4)
  2 electric golems
  Rupert (Lair:3)
  15 tentacled monstrosities
  Mlioglotl (Shoals:2)
  A lich (Depths:2)
  16 Orb Guardians (Zot:5)
  A titan (Depths:4)
  A deep elf blademaster (Elf:3)
  7 death cobs
  4 quicksilver dragons
  The ghost of Zonian the Severer, an adept HOFi of Beogh (Snake:1)
  Gastronok (Lair:3)
  2 krakens (Shoals:2)
  4 sphinxes
  10 shadow dragons
  Polyphemus (Shoals:2)
  14 storm dragons
  The ghost of Zappman123 the Severer, an adept OpSh of Gozag (Elf:3)
  11 tengu reavers
  4 draconian monks
  6 deep elf sorcerers
  3 iron dragons (Vaults:5)
  2 nagarajas (Snake:4)
  8 frost giants
  18 vault wardens
  10 fire giants
  4 draconian knights
  4 ghost moths
  6 deep elf elementalists (Elf:3)
  5 draconian scorchers
  Louise (Depths:1)
  2 caustic shrike zombies (Depths:1)
  A draconian stormcaller (Zot:4)
  11 ironbound preservers
  A juggernaut zombie (Depths:1)
  5 draconian shifters
  4 draconian annihilators
  4 angels (Zot:2)
  3 spriggan defenders
  19 very ugly things
  3 orc warlords
  A reaper (IceCv)
  15 stone giants
  A formless jellyfish (Vaults:3)
  2 war gargoyles (Vaults:5)
  4 ironbound thunderhulks
  2 vampire knights
  11 black draconians
  13 dire elephants
  9 green draconians
  9 yellow draconians
  6 deep elf annihilators
  Nessos (Lair:3)
  8 deep elf demonologists
  7 purple draconians
  6 red draconians
  9 white draconians
  13 ettins
  6 deep elf death magi (Elf:3)
  Snorg (D:13)
  6 merfolk javelineers
  The ghost of Xqipyl the Destroyer, a journeyman GrFE of Vehumet (D:12)
  A crystal guardian (Vaults:4)
  An entropy weaver (Vaults:3)
  14 merfolk impalers
  An ettin (shapeshifter) (Vaults:5)
  Josephine (D:13)
  3 jiangshi
  5 fire dragons
  5 great orbs of eyes
  14 yaktaur captains
  A salamander tyrant (Snake:4)
  6 spriggan air magi
  42 vault guards
  2 rakshasas
  Erolcha (Orc:2)
  A peacekeeper (Vaults:4)
  6 deep elf high priests
  A hell beast (Depths:2)
  13 ice dragons
  12 ironbound frosthearts
  4 merfolk avatars
  4 hydras
  3 ogre magi
  3 merfolk aquamancers (Shoals:4)
  12 anacondas
  The ghost of t4s4d4r the Grappler, a journeyman VSFi of Gozag (D:11)
  A hydra (shapeshifter) (Vaults:5)
  2 catoblepae
  22 centaur warriors
  Erica (D:8)
  5 boulder beetles
  An alligator snapping turtle (Shoals:4)
  10 death yaks
  2 titan zombies
  18 two-headed ogres
  4 deep troll earth magi
  5 deep troll shamans
  3 spriggan berserkers (Depths:3)
  An orc high priest (Orc:2)
  7 tengu warriors
  17 naga warriors
  3 vampire magi
  A satyr (Shoals:3)
  32 dancing weapons
  15 naga sharpshooters
  The ghost of floatRand the Grappler, a novice DrSh of Ru (D:10)
  Urug (Orc:2)
  8 skysharks
  6 shock serpents
  10 hell knights
  A skyshark (shapeshifter) (Zot:2)
  22 deep elf knights
  6 salamander mystics
  4 iron trolls
  The ghost of MrCrawl the Arsonist, a novice TeFE (D:7)
  A spark wasp zombie (Depths:1)
  29 deep trolls
  A sixfirhy (Depths:2)
  9 sea snakes
  A death drake (shapeshifter) (Zot:2)
  A golden dragon zombie (Depths:1)
  3 glowing orange brains
  2 tengu zombies (Depths:1)
  11 deep elf archers
  3 necromancers
  19 ironbound convokers
  10 lindwurms
  2 obsidian statues
  23 harpies
  4 phantasmal warriors (Vaults:5)
  2 sphinx zombies (Depths:1)
  6 naga ritualists
  9 orc knights
  2 shadow dragon zombies (Depths:1)
  6 mana vipers
  34 ugly things
  2 fire giant zombies (Depths:1)
  42 deep elf pyromancers
  An iron dragon zombie (Depths:1)
  7 wizards
  11 manticores
  30 deep elf zephyrmancers
  6 orc sorcerers
  4 stone giant zombies
  5 cyclopes
  A mana viper (shapeshifter) (Depths:4)
  8 fauns
  15 salamanders
  A wolf spider (D:12)
  26 moths of wrath
  7 elephants
  37 black mambas
  7 merfolk sirens
  An elephant (shapeshifter) (Zot:2)
  3 molten gargoyles (Lair:5)
  11 guardian serpents
  An ice statue (IceCv)
  A centaur zombie (D:15)
  19 vault sentinels
  21 naga magi
  9 apocalypse crabs (Zot:3)
  A torpor snail (Lair:2)
  A centaur skeleton (D:15)
  An orange demon (Depths:2)
  11 water nymphs
  5 cane toads
  A kobold demonologist (D:12)
  A rime drake (Lair:3)
  11 komodo dragons
  29 yaktaurs
  4 freezing wraiths
  An anaconda simulacrum (IceCv)
  6 tengu conjurers
  6 trolls
  A human skeleton (Vaults:1)
  A guardian mummy (Vaults:2)
  30 merfolk
  5 hornets
  3 polar bears
  A polar bear (shapeshifter) (Vaults:5)
  14 wind drakes
  A tarantella (shapeshifter) (Vaults:5)
  15 dream sheep
  8 snapping turtles
  7 blink frogs
  A raiju (shapeshifter) (D:14)
  An ettin zombie (Depths:1)
  3 spriggan zombies (Depths:1)
  21 slime creatures
  5 spriggans
  A dire elephant simulacrum (IceCv)
  12 air elementals
  A slime creature (shapeshifter) (Vaults:5)
  49 yaks
  2 vampires
  A ynoxinul (Depths:2)
  16 water elementals
  2 wyverns
  5 wraiths
  Eustachio (D:5)
  5 fire elementals
  6 steam dragons
  10 basilisks
  Grum (D:9)
  5 wargs
  2 death yak simulacra
  A neqoxec (Depths:2)
  15 vampire mosquitoes
  3 chaos spawn (Depths:4)
  A human zombie (Depths:1)
  8 large abominations (Depths:4)
  A harpy simulacrum (IceCv)
  A glowing shapeshifter zombie (Depths:1)
  37 nagas
  16 water moccasins
  6 acid dragons
  A hydra simulacrum (IceCv)
  4 hell hounds (Lair:5)
  37 orc warriors
  An ice beast (D:8)
  A sky beast (D:7)
  6 black bears
  14 ogres
  19 wolves
  5 centaurs
  A phantom (D:5)
  4 small abominations (Depths:4)
  2 kobold brigands
  8 gnoll sergeants (Bailey)
  4 two-headed ogre simulacra (IceCv)
  10 bullfrogs
  3 cane toad simulacra
  An earth elemental (Elf:3)
  3 wights (D:6)
  6 killer bees (D:11)
  2 elephant simulacra
  3 howler monkeys (D:13)
  8 electric eels
  5 lava snakes (Lair:5)
  Crazy Yiuf (D:3)
  7 hounds
  A jelly (D:6)
  17 orc priests
  5 gnoll boudas (Bailey)
  A sleepcap (D:7)
  2 iguanas (D:5)
  31 orc wizards
  A polar bear simulacrum (IceCv)
  3 troll simulacra (IceCv)
  A boggart skeleton (D:15)
  6 hell rats (Lair:3)
  4 spriggan simulacra (IceCv)
  A statue (D:14)
  5 wolf simulacra
  27 gnolls
  4 adders
  2 naga simulacra (IceCv)
  5 white imps
  16 ufetubi (IceCv)
  3 worms
  3 dart slugs
  81 orcs
  A bat (shapeshifter) (Vaults:5)
  2 endoplasms
  A giant cockroach (D:2)
  7 goblins
  7 hobgoblins
  3 jackals (D:1)
  13 kobolds
  5 quokkas
  3 ball pythons
  5 bats
  2 rats
  2 spectral weapons (Depths:2)
  9 tentacles (Shoals:2)
2051 creatures vanquished.

Vanquished Creatures (collateral kills)
  A Killer Klown (Zot:5)
  A quicksilver dragon (Vaults:5)
  A nagaraja (Snake:4)
  A deep elf annihilator (Elf:1)
  A salamander tyrant (Snake:4)
  An anaconda (Snake:4)
  2 naga warriors (Snake:4)
  A deep elf archer (Elf:1)
  An ironbound convoker (Vaults:5)
  A necromancer (Vaults:2)
  A guardian serpent (Snake:4)
  A naga (Snake:4)
  An orc warrior (Vaults:3)
  2 orcs (Vaults:3)
16 creatures vanquished.

Vanquished Creatures (others)
  A vampire knight (Depths:3)
  An ogre mage (D:15)
  A deep elf knight (Elf:2)
  2 deep elf zephyrmancers (Elf:3)
  A manticore (Shoals:3)
  A water elemental (Elf:3)
  An orc warrior (Vaults:5)
  A spectral weapon (D:14)
  21 tentacles (Shoals:2)
30 creatures vanquished.

Grand Total: 2097 creatures vanquished

Notes
Turn   | Place    | Note
-------+----------+-------------------------------------------
     0 | D:1      | motkuripss the Vine Stalker Fighter began the quest for the
                  | Orb.
     0 | D:1      | Reached XP level 1. HP: 11/11 MP: 2/2
   371 | D:1      | Reached XP level 2. HP: 16/16 MP: 3/3
   616 | D:1      | Found a faded altar of an unknown god.
   793 | D:1      | Reached XP level 3. HP: 19/19 MP: 4/4
  1428 | D:2      | Reached skill level 3 in Fighting
  2061 | D:2      | Gained mutation: Your natural rate of healing is unusually
                  | fast. [Vine Stalker growth]
  2061 | D:2      | Reached XP level 4. HP: 16/24 MP: 5/5
  2190 | D:3      | You fall into a shaft and drop 3 floors!
  2217 | D:5      | Entered Level 5 of the Dungeon
  2253 | D:5      | Reached skill level 1 in Spellcasting
  2503 | D:3      | Noticed a black bear
  2516 | D:3      | Killed a black bear
  2517 | D:3      | Reached XP level 5. HP: 25/28 MP: 6/8
  2715 | D:3      | Reached XP level 6. HP: 32/32 MP: 10/10
  2920 | D:3      | Got Ushrojudi's Vellum of Amassed Kinetic Energy
  3198 | D:3      | Found a runed translucent door.
  3199 | D:3      | Noticed Crazy Yiuf
  3233 | D:4      | Found a staircase to the Ecumenical Temple.
  3261 | Temple   | Entered the Ecumenical Temple
  3292 | Temple   | Became a worshipper of Uskayaw the Reveller
  3487 | D:4      | Reached * piety under Uskayaw
  3793 | D:5      | Reached ** piety under Uskayaw
  3802 | D:5      | Reached *** piety under Uskayaw
  3805 | D:5      | Reached skill level 1 in Invocations
  3808 | D:5      | Reached **** piety under Uskayaw
  3816 | D:5      | Reached ***** piety under Uskayaw
  3980 | D:5      | Noticed Eustachio
  3999 | D:5      | Killed Eustachio
  4000 | D:5      | Reached skill level 5 in Short Blades
  4000 | D:5      | Reached XP level 7. HP: 36/36 MP: 11/11
  4214 | D:5      | Found a sparkling altar of Nemelex Xobeh.
  4865 | D:6      | Gained mutation: You have razor-sharp teeth. [Vine Stalker
                  | growth]
  4865 | D:6      | Reached XP level 8. HP: 40/40 MP: 8/12
  5647 | D:7      | Noticed a hornet
  5825 | D:7      | Killed a hornet
  5874 | D:7      | Found a runed translucent gate.
  5874 | D:7      | Noticed MrCrawl's ghost (novice TeFE)
  5879 | D:7      | Found a runed translucent gate.
  5881 | D:7      | Found a runed translucent gate.
  5881 | D:7      | Noticed a slime creature
  5943 | D:7      | Identified the +4 sling "Zebof" {drain, Str+4}
  6057 | D:7      | Reached XP level 9. HP: 43/44 MP: 13/13
  6239 | D:7      | Reached skill level 1 in Evocations
  7007 | D:8      | Noticed Erica
  7222 | D:8      | Reached skill level 10 in Short Blades
  7346 | D:8      | Noticed a hornet
  7352 | D:8      | Killed a hornet
  7353 | D:8      | Reached skill level 1 in Dodging
  7424 | D:9      | Noticed Grum
  7541 | D:9      | Reached skill level 4 in Fighting
  7548 | D:9      | Killed Grum
  7572 | D:9      | Found a staircase to the Lair.
  7572 | D:9      | Noticed an elephant
  7667 | D:10     | Entered Level 10 of the Dungeon
  7779 | D:9      | Reached skill level 5 in Fighting
  7864 | D:10     | Reached XP level 10. HP: 44/51 MP: 13/15
  7905 | D:10     | Found a runed translucent door.
  7905 | D:10     | Noticed floatRand's ghost (novice DrSh)
  7935 | D:10     | Noticed a centaur warrior
  8025 | D:10     | Found a flagged portal.
  8073 | Bailey   | Entered a bailey
  8084 | Bailey   | Reached skill level 6 in Fighting
  8747 | Bailey   | Reached skill level 1 in Stealth
  8835 | Bailey   | Got the Cyclopedia of the Quarry
  9021 | D:10     | Killed a centaur warrior
  9376 | D:10     | Found Volosch's Book Boutique.
  9675 | D:11     | Noticed a moth of wrath
  9677 | D:11     | Noticed a two-headed ogre
  9696 | D:11     | Reached skill level 5 in Invocations
  9709 | D:11     | Reached XP level 11. HP: 52/56 MP: 15/18
  9712 | D:11     | Noticed a deep troll
  9714 | D:11     | Noticed t4s4d4r's ghost (journeyman VSFi)
  9715 | D:11     | Noticed a two-headed ogre
  9718 | D:11     | Noticed a two-headed ogre
  9726 | D:11     | Found a bloodstained altar of Trog.
 10003 | D:10     | Noticed a two-headed ogre
 10007 | D:10     | Killed a two-headed ogre
 10035 | D:10     | Reached ****** piety under Uskayaw
 10105 | D:11     | Found a staircase to the Orcish Mines.
 10141 | D:11     | Found a transporter.
 10145 | D:11     | Found a transporter.
 10421 | D:10     | Reached skill level 5 in Shields
 10813 | D:12     | Found a transporter.
 11313 | Lair:1   | Entered Level 1 of the Lair of Beasts
 12037 | Lair:1   | Reached XP level 12. HP: 48/61 MP: 19/19
 12822 | Lair:2   | Reached skill level 5 in Stealth
 13396 | Lair:3   | Found a staircase to the Snake Pit.
 13442 | Lair:3   | Found a frozen archway.
 13503 | Lair:3   | Noticed Nessos
 13513 | Lair:3   | Killed Nessos
 13528 | IceCv    | Entered an ice cave
 14108 | IceCv    | Reached skill level 7 in Fighting
 14143 | IceCv    | Noticed a reaper
 14162 | IceCv    | Killed a reaper
 14856 | Lair:3   | Noticed Rupert
 14875 | Lair:3   | Noticed Gastronok
 14974 | Lair:3   | Noticed a skyshark
 14976 | Lair:3   | Reached skill level 8 in Fighting
 15174 | Lair:3   | Killed Gastronok
 15177 | Lair:3   | Reached XP level 13. HP: 48/68 MP: 21/21
 15286 | Lair:3   | Reached skill level 5 in Spellcasting
 15591 | Lair:3   | Reached skill level 5 in Dodging
 15951 | Lair:3   | Found a sparkling altar of Nemelex Xobeh.
 16257 | Lair:4   | Found a staircase to the Slime Pits.
 16257 | Lair:4   | Found a viscous altar of Jiyva.
 16485 | Lair:4   | Reached skill level 9 in Fighting
 16814 | Lair:5   | Entered Level 5 of the Lair of Beasts
 16830 | Lair:4   | Reached skill level 10 in Fighting
 17218 | Lair:5   | Reached XP level 14. HP: 77/77 MP: 24/24
 17926 | Lair:5   | Found a large runed translucent door.
 18169 | Lair:5   | Found a large runed translucent door.
 18968 | D:12     | Identified the +1 robe of Grace {rF++ rC+ Int-2 Slay+3}
 18991 | D:12     | Noticed Xqipyl's ghost (journeyman GrFE)
 19002 | D:12     | Found a transporter.
 19111 | D:12     | Reached skill level 11 in Fighting
 19172 | D:12     | Reached skill level 10 in Stealth
 19602 | D:10     | Killed floatRand's ghost
 20462 | D:8      | Killed Erica
 20553 | D:7      | Killed MrCrawl's ghost
 20740 | D:3      | Killed Crazy Yiuf
 20954 | Orc:1    | Entered Level 1 of the Orcish Mines
 21110 | Orc:1    | Found a runed translucent door.
 21123 | Orc:1    | Found the +10 tower shield of Ignorance {rN+ Int-4}
 21129 | Orc:1    | Found a runed translucent door.
 21288 | Orc:1    | Found Xakiur's Magic Scroll Shoppe.
 21317 | Orc:1    | Bought a scroll of fog for 68 gold pieces
 21317 | Orc:1    | Bought a scroll of silence for 161 gold pieces
 21319 | Orc:1    | Bought a scroll of teleportation for 51 gold pieces
 21319 | Orc:1    | Bought a scroll of teleportation for 51 gold pieces
 21319 | Orc:1    | Bought a scroll of identify for 34 gold pieces
 21319 | Orc:1    | Bought a scroll of identify for 34 gold pieces
 21321 | Orc:1    | Identified a scroll of acquirement
 21323 | Orc:1    | Acquired a manual of Short Blades
 21586 | Orc:2    | Entered Level 2 of the Orcish Mines
 21905 | Orc:2    | Found a staircase to the Elven Halls.
 22012 | Orc:2    | Noticed Erolcha
 22060 | Orc:2    | Killed Erolcha
 22521 | Orc:2    | Noticed Urug
 22589 | Orc:2    | Noticed an orc warlord
 22802 | Orc:2    | Killed an orc warlord
 23010 | Orc:2    | Killed Urug
 23011 | Orc:2    | Reached skill level 15 in Short Blades
 23159 | Orc:2    | Reached XP level 15. HP: 74/84 MP: 22/25
 23354 | Orc:2    | Found Zoebenov's General Store.
 23367 | Orc:2    | Found Fuor's Antique Weapon Shoppe.
 23413 | Orc:2    | Noticed an orc warlord
 23433 | Orc:2    | Killed an orc warlord
 23503 | Orc:2    | Found Capputh's Antique Armour Shoppe.
 23518 | Orc:2    | Found Ama Ybuo's Jewellery Shoppe.
 23527 | Orc:2    | Bought the amulet of Kisk {Will++ Regen+ Dex+5} for 861
                  | gold pieces
 23581 | Orc:2    | Bought a transparent chain mail for 285 gold pieces
 23581 | Orc:2    | Identified the +0 chain mail of the Cicada {-Cast rPois
                  | Str+3 Slay+3} (You bought it in a shop on level 2 of the
                  | Orcish Mines)
 24118 | Lair:3   | Killed Rupert
 24119 | Lair:3   | Reached skill level 12 in Fighting
 24665 | Lair:3   | Found a staircase to the Shoals.
 24909 | D:13     | Noticed Josephine
 24918 | D:13     | Killed Josephine
 25200 | D:13     | Found a gate to the Vaults.
 25654 | D:13     | Noticed Snorg
 25671 | D:13     | Killed Snorg
 25713 | D:13     | Found a white marble altar of Elyvilon.
 26348 | D:14     | Found a radiant altar of Vehumet.
 26368 | D:14     | Identified the +1 rapier of Xoduadghu {spect, Dex+2}
 26563 | D:15     | Entered Level 15 of the Dungeon
 26906 | D:15     | Found an iron altar of Okawaru.
 27025 | D:15     | Reached XP level 16. HP: 73/88 MP: 26/26
 27044 | D:15     | Found a staircase to the Depths.
 27196 | Depths:1 | Entered Level 1 of the Depths
 27212 | Depths:1 | Found a gateway to Hell.
 27336 | Depths:1 | Reached skill level 10 in Shields
 27641 | Depths:1 | Noticed Louise
 27782 | D:12     | Killed Xqipyl's ghost
 27845 | D:12     | Identified the ring "Baitox" {rPois rC+ SInv}
 28318 | Shoals:1 | Entered Level 1 of the Shoals
 28472 | Snake:1  | Entered Level 1 of the Snake Pit
 28586 | Snake:1  | Found a runed translucent door.
 28587 | Snake:1  | Noticed Zonian's ghost (adept HOFi)
 29297 | Snake:1  | Killed Zonian's ghost
 29307 | Snake:1  | Got the Elucidation of the Gathering and Air
 29548 | Elf:1    | Entered Level 1 of the Elven Halls
 30806 | Shoals:1 | Identified the +4 war axe of Devotion {venom, Drain rPois
                  | MP+9 Dex-5}
 31283 | Shoals:1 | Reached XP level 17. HP: 73/93 MP: 21/27
 31743 | Shoals:2 | Noticed Polyphemus
 31924 | Shoals:2 | Noticed Mlioglotl
 31993 | Shoals:2 | Killed Polyphemus
 32271 | Shoals:2 | Noticed a kraken
 32280 | Shoals:2 | Paralysed by accursed screaming for 2 turns
 32286 | Shoals:2 | Killed Mlioglotl
 32442 | Shoals:2 | Noticed a kraken
 32493 | Shoals:2 | Killed a kraken
 32581 | Shoals:2 | Killed a kraken
 32784 | Shoals:2 | Identified the +1 leather armour "Pupoig" {Harm rElec rF-}
 33645 | Shoals:3 | Found Zokath Vuddu's Armour Shop.
 33653 | Shoals:3 | Bought the +3 warlock's mirror {omnireflect} for 520 gold
                  | pieces
 33653 | Shoals:3 | Found the +3 warlock's mirror {omnireflect}
 34442 | Shoals:4 | Entered Level 4 of the Shoals
 34442 | Shoals:4 | Found a stormy altar of Qazlal.
 34642 | Shoals:4 | Reached skill level 5 in Evocations
 34731 | Shoals:4 | Paralysed by an air elemental for 1 turns
 34798 | Shoals:4 | Paralysed by an air elemental for 1 turns
 34820 | Shoals:4 | Paralysed by an air elemental for 1 turns
 34824 | Shoals:4 | Paralysed by an air elemental for 1 turns
 35140 | Shoals:4 | Noticed Mara
 35264 | Shoals:4 | Paralysed by an air elemental for 1 turns
 35385 | Shoals:4 | Reached XP level 18. HP: 89/98 MP: 28/28
 35415 | Shoals:4 | Paralysed by an air elemental for 1 turns
 35466 | Shoals:4 | Paralysed by an air elemental for 1 turns
 35562 | Shoals:4 | Killed Mara
 35740 | Shoals:4 | Paralysed by an air elemental for 1 turns
 35919 | Shoals:4 | Reached skill level 1 in Long Blades
 36553 | Shoals:4 | Reached skill level 5 in Long Blades
 36562 | Shoals:4 | Paralysed by an air elemental for 1 turns
 36566 | Shoals:4 | Paralysed by an air elemental for 1 turns
 37183 | Shoals:4 | Got the Excursus on Snow
 37185 | Shoals:4 | Got the Omnibus of the Remoulded Mantle
 37190 | Shoals:4 | Got a barnacled rune of Zot
 37200 | Shoals:4 | Identified the +1 quarterstaff of Midwinter {heavy, rElec
                  | Dex+3}
 38312 | Snake:2  | Found a transporter.
 38485 | Snake:2  | Noticed Vashnia
 38510 | Snake:2  | Killed Vashnia
 38782 | Snake:2  | Found a transporter.
 39975 | Snake:3  | Reached XP level 19. HP: 72/102 MP: 25/29
 40091 | Snake:3  | Found Waixiqye's Mayhem Merchandise.
 40623 | Snake:4  | Entered Level 4 of the Snake Pit
 40779 | Snake:4  | Reached skill level 15 in Shields
 40792 | Snake:4  | Reached skill level 10 in Invocations
 41784 | Snake:4  | Reached skill level 5 in Armour
 42120 | Snake:4  | Got a serpentine rune of Zot
 42886 | Vaults:1 | Entered Level 1 of the Vaults
 44022 | Vaults:1 | Reached XP level 20. HP: 107/107 MP: 30/30
 44714 | Vaults:2 | Noticed Margery
 44731 | Vaults:2 | Killed Margery
 44837 | Vaults:2 | Reached skill level 10 in Dodging
 44853 | Vaults:2 | Found a portal to a secret trove of treasure.
 44993 | Vaults:2 | Reached skill level 13 in Fighting
 45172 | Vaults:2 | Found a staircase to the Crypt.
 46226 | Vaults:3 | Noticed Saint Roka
 46246 | Vaults:3 | Killed Saint Roka
 46439 | Vaults:3 | Reached skill level 14 in Fighting
 46454 | Vaults:3 | Reached XP level 21. HP: 98/115 MP: 27/32
 47668 | Vaults:4 | Found Xurat's Distillery.
 47676 | Vaults:4 | Bought a potion of magic for 88 gold pieces
 47676 | Vaults:4 | Bought a potion of might for 44 gold pieces
 48908 | Depths:1 | Found a one-way gate to the infinite horrors of the Abyss.
 48928 | Depths:1 | Killed Louise
 48969 | Depths:1 | Found a one-way gate leading to the halls of Pandemonium.
 49098 | Depths:1 | Found a basalt altar of Yredelemnul.
 49629 | Depths:2 | Found Quppech's Weapon Shop.
 49631 | Depths:2 | Found Gethioronal's Weapon Boutique.
 49631 | Depths:2 | Found Wuowagh's Antique Weapon Shop.
 49642 | Depths:2 | Found Neir's Armour Boutique.
 49913 | Depths:2 | Reached skill level 15 in Fighting
 49929 | Depths:2 | Got Mofest's Practicing Awakened Knowledge
 50029 | Depths:2 | Reached XP level 22. HP: 110/122 MP: 29/33
 50146 | Depths:2 | Found a sacrificial altar of Ru.
 50752 | Depths:3 | Noticed a caustic shrike
 50752 | Depths:3 | Noticed a caustic shrike
 50752 | Depths:3 | Noticed a caustic shrike
 50753 | Depths:3 | Noticed a caustic shrike
 50760 | Depths:2 | Killed a caustic shrike
 50772 | Depths:2 | Killed a caustic shrike
 50774 | Depths:2 | Killed a caustic shrike
 50844 | Depths:3 | Killed a caustic shrike
 50989 | Depths:3 | Identified the +1 leather armour of Qest {rF+ Will+ Str+2}
 51083 | Depths:3 | You fall into a shaft and drop 1 floor!
 51083 | Depths:4 | Entered Level 4 of the Depths
 51101 | Depths:4 | Found a gate to the Realm of Zot.
 51138 | Depths:3 | Noticed the Enchantress
 51165 | Depths:2 | Reached skill level 10 in Long Blades
 51287 | Depths:3 | Killed the Enchantress
 52107 | Depths:4 | Found a one-way gateway to a ziggurat.
 52154 | Depths:4 | Reached skill level 16 in Fighting
 52401 | Depths:4 | Noticed a golden dragon
 52660 | Depths:4 | Found Kytiy's General Store.
 52665 | Depths:4 | Bought a potion of cancellation for 160 gold pieces
 53987 | Elf:2    | Reached XP level 23. HP: 117/128 MP: 32/36
 54014 | Elf:2    | Found Zolaot's Assorted Antiques.
 54017 | Elf:2    | Bought a scorched scale mail for 333 gold pieces
 54017 | Elf:2    | Identified the +6 scale mail of Necwa {Int+8} (You bought
                  | it in a shop on level 2 of the Elven Halls)
 54017 | Elf:2    | Bought a scroll of summoning for 351 gold pieces
 54093 | Elf:2    | Found a runed translucent gate.
 54093 | Elf:2    | Found a runed translucent gate.
 54093 | Elf:2    | Found a runed translucent gate.
 54735 | Elf:2    | Reached skill level 15 in Stealth
 55117 | Elf:3    | Entered Level 3 of the Elven Halls
 55379 | Elf:3    | Found a runed translucent gate.
 55379 | Elf:3    | Found an opulent altar of Gozag.
 55380 | Elf:3    | Found a runed translucent gate.
 55380 | Elf:3    | Found a runed translucent gate.
 55381 | Elf:3    | Noticed Zappman123's ghost (adept OpSh)
 55382 | Elf:3    | Found Neiraosium's Assorted Antiques.
 55823 | Elf:3    | Killed Zappman123's ghost
 55866 | Elf:3    | Bought a scroll of enchant weapon for 232 gold pieces
 55866 | Elf:3    | Bought a scroll of summoning for 294 gold pieces
 56065 | Elf:3    | Identified the ring "Zuhidijo" {rF+ rCorr Str-5 Int+10}
 56074 | Elf:3    | Reached skill level 15 in Invocations
 56116 | Elf:3    | Identified the +2 morningstar of the Thing {elec, MP+9
                  | Stlth+}
 56116 | Elf:3    | Identified the amulet "Varel" {Acrobat rPois Str+2}
 56253 | Elf:3    | Identified the ring of Anliaheki {Ice Str+6}
 56341 | Elf:3    | Identified the +2 great sword "Uviweul" {holy, Stlth+}
 56401 | Elf:3    | Identified the +4 troll leather armour "Iruble" {Regen+
                  | Int+5}
 56484 | Elf:3    | Identified the +3 morningstar "Jiuquyck" {speed, Str+4
                  | Dex-5 SInv}
 56775 | Elf:3    | Identified the staff of the Endless Expanse {Dex+4 SInv
                  | Conj}
 56792 | Elf:3    | Identified the ring of Xom's Bemusement {Fly Slay+2}
 56801 | Elf:3    | Identified the staff of the Imbibing Gods {rF+ Str+4 Fire}
 56826 | Elf:3    | Got the Lectures on Arcane Combat and the Tesseract
 56831 | Elf:3    | Got Sif Muna's Excursus on Undead Sculpting
 56906 | Elf:3    | Got the Precepts of Spectres
 56912 | Elf:3    | Identified the staff "Beastbane" {rF+ Int+2 Fire}
 56913 | Elf:3    | Identified the +0 scimitar of Breach {holy, rPois}
 57386 | Depths:4 | Noticed a golden dragon
 57413 | Depths:4 | Killed a golden dragon
 57525 | Depths:4 | Noticed a golden dragon
 57529 | Depths:4 | Reached skill level 17 in Fighting
 57536 | Depths:4 | Killed a golden dragon
 57563 | Depths:4 | Killed a golden dragon
 57590 | Depths:4 | Reached XP level 24. HP: 109/136 MP: 31/36
 57667 | Depths:4 | Found a runed translucent door.
 57676 | Depths:4 | Found a runed translucent door.
 57771 | Depths:4 | Found a runed translucent door.
 57788 | Depths:4 | Found a runed translucent door.
 57792 | Depths:4 | Found a runed translucent door.
 57792 | Depths:4 | Found a runed translucent door.
 58465 | Vaults:4 | Upgraded the game from 0.31-a0-435-g2c6fae2916 to
                  | 0.31-a0-441-g867994ef1c
 58472 | Vaults:5 | Entered Level 5 of the Vaults
 58620 | Vaults:5 | Noticed Mennas
 58626 | Vaults:5 | Killed Mennas
 58974 | Vaults:5 | Identified the amulet of the Greedy {Reflect Str+5 Int-4
                  | Dex+2 SH+5}
 59185 | Vaults:5 | Identified the +1 ring mail "Wonoijal" {rPois Will+ Int-4}
 59358 | Vaults:5 | Identified the +3 ring mail of Fedhas's Benevolence {Dex+3}
 59438 | Vaults:5 | Identified the ring of the Kraken {rF+ Will+}
 59439 | Vaults:5 | Noticed Frederick
 59480 | Vaults:5 | Killed Frederick
 59481 | Vaults:5 | Reached skill level 15 in Dodging
 59769 | Vaults:5 | Identified the +8 arbalest of Xom's Benevolence {heavy,
                  | Contam rC+ Will+ Str+2 Dex+3}
 59773 | Vaults:5 | Reached skill level 18 in Fighting
 59820 | Vaults:5 | Reached XP level 25. HP: 139/142 MP: 35/36
 59830 | Vaults:5 | Identified the amulet "Patimuhi" {RegenMP Harm *Corrode
                  | rC++}
 59987 | Vaults:5 | Identified the +5 quarterstaff of Jagiv {heavy, Int+3}
 60048 | Vaults:5 | Identified the +7 plate armour of Gyarotui {rN+ Dex+2
                  | Stlth+}
 60291 | Vaults:5 | Got Jyatar's Volume of the Red-Hot Mountains
 60508 | Vaults:5 | Got a silver rune of Zot
 61268 | D:11     | Killed t4s4d4r's ghost
 61289 | D:11     | Got the Tome of the Inflammable Sphinx
 61613 | Zot:1    | Entered Level 1 of the Realm of Zot
 62382 | Zot:2    | Identified the +7 orcbow "Killer Klown's Regret" {drain,
                  | rF+ MP+9 Str+3 Dex+3}
 62422 | Zot:2    | Noticed a Killer Klown
 62423 | Zot:2    | Found a shimmering altar of Xom.
 62423 | Zot:2    | Found a shimmering altar of Xom.
 62423 | Zot:2    | Noticed a Killer Klown
 62471 | Zot:2    | Killed a Killer Klown
 62494 | Zot:2    | Noticed a Killer Klown
 62507 | Zot:2    | Killed a Killer Klown
 62528 | Zot:2    | Found a shimmering altar of Xom.
 62528 | Zot:2    | Found a glowing silver altar of Zin.
 62530 | Zot:2    | Found a shimmering altar of Xom.
 62530 | Zot:2    | Found a shimmering altar of Xom.
 62531 | Zot:2    | Found a shimmering altar of Xom.
 62620 | Zot:2    | Killed a Killer Klown
 62984 | Zot:2    | Noticed a Killer Klown
 63004 | Zot:2    | Killed a Killer Klown
 63559 | Zot:3    | Reached skill level 1 in Throwing
 63733 | Zot:3    | Found a runed translucent gate.
 63733 | Zot:3    | Found a runed translucent gate.
 63733 | Zot:3    | Found a runed translucent gate.
 63737 | Zot:3    | Noticed Juzit's ghost (legendary GnFi)
 63737 | Zot:3    | Noticed ShutUppercut's ghost (legendary DsGl)
 63738 | Zot:3    | Noticed Juzit's ghost (legendary GnFi)
 63738 | Zot:3    | Noticed Jofris Vesimp's ghost (legendary GnFE)
 64107 | Zot:3    | Identified the +4 war axe "Goblinslayer" {antimagic, rElec
                  | rF+ Will+ Int-2}
 64151 | Zot:3    | Paralysed by you for 4 turns
 64556 | Zot:4    | Reached XP level 26. HP: 119/149 MP: 23/37
 64978 | Zot:4    | Reached skill level 10 in Spellcasting
 65234 | Zot:5    | Entered Level 5 of the Realm of Zot
 65522 | Zot:5    | Reached skill level 5 in Throwing
 65545 | Zot:5    | Reached skill level 19 in Fighting
 65569 | Zot:5    | Noticed a dread lich
 65570 | Zot:5    | Noticed an ancient lich
 65581 | Zot:5    | Noticed a dread lich
 65591 | Zot:5    | Killed an ancient lich
 65608 | Zot:5    | Killed a dread lich
 65620 | Zot:5    | Killed a dread lich
 65620 | Zot:5    | Noticed a Killer Klown
 65628 | Zot:5    | Noticed an ancient lich
 65630 | Zot:5    | Noticed an orb of fire
 65632 | Zot:5    | Killed an orb of fire
 65635 | Zot:5    | Killed a Killer Klown
 65636 | Zot:5    | Killed an ancient lich
 65685 | Zot:5    | Noticed a Killer Klown
 65707 | Zot:5    | Killed a Killer Klown
 65719 | Zot:5    | Reached skill level 20 in Fighting
 65744 | Zot:5    | Noticed a Killer Klown
 65764 | Zot:5    | Killed a Killer Klown
 65792 | Zot:5    | Noticed a dread lich
 65802 | Zot:5    | Killed a dread lich
 65823 | Zot:5    | Noticed a dread lich
 65824 | Zot:5    | Killed a dread lich
 65824 | Zot:5    | Noticed an orb of fire
 65827 | Zot:5    | Gained mutation: You occasionally lose the ability to drink
                  | potions when taking damage. [an orb of fire]
 65828 | Zot:5    | Gained mutation: You are frail. (-10% HP) [an orb of fire]
 65835 | Zot:5    | Gained mutation: Your spells are a little easier to cast,
                  | but a little less powerful. [an orb of fire]
 65845 | Zot:5    | Gained mutation: You are very frail. (-20% HP) [an orb of
                  | fire]
 65856 | Zot:5    | Killed an orb of fire
 65877 | Zot:5    | Lost mutation: You occasionally lose the ability to drink
                  | potions when taking damage. [potion of mutation]
 65877 | Zot:5    | Lost mutation: You are very frail. (-20% HP) [potion of
                  | mutation]
 65877 | Zot:5    | Lost mutation: Your spells are a little easier to cast, but
                  | a little less powerful. [potion of mutation]
 65877 | Zot:5    | Gained mutation: You have large cloven feet. [potion of
                  | mutation]
 65878 | Zot:5    | Lost mutation: You are frail. (-10% HP) [potion of
                  | mutation]
 65878 | Zot:5    | Lost mutation: You have large cloven feet. [potion of
                  | mutation]
 65878 | Zot:5    | Gained mutation: You have a somewhat thin skeletal
                  | structure. (Dex +2, Stealth+) [potion of mutation]
 65962 | Zot:5    | Noticed an orb of fire
 65964 | Zot:5    | Gained mutation: You are dopey. (Int -2) [an orb of fire]
 65971 | Zot:5    | Gained mutation: You occasionally lose the ability to drink
                  | potions when taking damage. [an orb of fire]
 65977 | Zot:5    | Noticed a dread lich
 65978 | Zot:5    | Killed an orb of fire
 65985 | Zot:5    | Reached skill level 21 in Fighting
 65985 | Zot:5    | Killed a dread lich
 65995 | Zot:5    | Noticed a dread lich
 66004 | Zot:5    | HP: 1/232 [something/shard of ice (21)]
 66004 | Zot:5    | Killed from afar by a black draconian knight

Illustrated notes

Levels and vault maps discovered:
D:1:      minmay_arrival_four_loops, layout_loops_corners,
          hellmonk_ecumenical_altar_leap_of_faith, minmay_misc_feat_alley,
          minmay_misc_feat_diagonals
D:2:      layout_rooms
D:3:      layout_basic, uniq_crazy_yiuf_cottage
D:4:      layout_loops_ring, minmay_temple_entry_tees, chequers_avenue,
          minmay_misc_feat_columns
D:5:      layout_gridville, nemelex_spade_bored_becter,
          nicolae_houndstooth_variations, uniq_eustachio
D:6:      layout_loops_cross, minivault_5
D:7:      layout_rooms, gammafunk_ghost_split
D:8:      layout_cave_pods, uniq_erica
D:9:      layout_roguey, david_lair_generic, uniq_grum
D:10:     layout_small_grid, enter_bailey_3, hellmonk_ghost_happy_afterlife,
          serial_shops, nicolae_shop_real_fake_doors
D:11:     layout_gridville, minmay_orc_entry_guard_dogs,
          gammafunk_ghost_wrathful_warriors
D:12:     layout_rooms, gammafunk_ghost_berserking_beasts
D:13:     layout_basic, grunt_vaults_entry_fortified, elyvilon_altar_1,
          uniq_josephine, uniq_snorg
D:14:     layout_roguey, nrook_mini_vaults, vehumet_statue
D:15:     grunt_enter_depths_magical_seal, layout_basic,
          okawaru_ov_weapons_minmay
Temple:   minmay_crystal_snake_temple
Lair:1:   layout_cave_pods
Lair:2:   layout_gridlike
Lair:3:   layout_chaotic_city, elwin_shoals_entry_rooms, dummy_snake_entry,
          portal_ice_cave_entry_ice_simulacra, basic_altar, st_stairs_11,
          uniq_nessos, uniq_rupert, uniq_gastronok
Lair:4:   layout_hall_layers, slime_entry_1
Lair:5:   cheibrodos_lair_end_hotspot, layout_cave_pods, serial_bayou_shore_b
Shoals:1: layout_shoals
Shoals:2: layout_shoals, uniq_polyphemus, uniq_mlioglotl
Shoals:3: layout_shoals, serial_shops, shop
Shoals:4: shoals_end_hellmonk_storm_palace [storm_palace_center_square,
          storm_palace_corner_altar, storm_palace_corner_reverse_hut,
          storm_palace_corner_pillars, storm_palace_corner_blocked], uniq_mara
Snake:1:  layout_layer_cave, gammafunk_ghost_grave
Snake:2:  gammafunk_the_bubble [the_bubble_gammafunk_plus_minus],
          layout_chambers, uniq_vashnia
Snake:3:  layout_layer_cave, minmay_shop_mayhem, nicolae_triple_integral
Snake:4:  grunt_snake_rune_serpentine_throne, layout_onion
Orc:1:    layout_caves, serial_shops, shop, chequers_guarded_unrand_ignorance
Orc:2:    grunt_orc_cross, layout_caves, guppyfry_library_mini, uniq_erolcha
Elf:1:    eino_elf_arrival_sip, layout_gridlike, hangedman_elf_represent,
          drop_trap
Elf:2:    nicolae_elf_blades_splatter_lattice [nicolae_blade_tridents],
          layout_geoelf_octagon, serial_shops, nicolae_shop_window_shopping
Elf:3:    minmay_elf_hall_not_hex, layout_geoelf_diagonals, ebering_ghost_gozag
Vaults:1: v_rooms_1, nicolae_vaults_diagonal_hallway_9,
          nicolae_vaults_statue_guard, nicolae_vaults_more_shelving_2,
          grunt_vaults_diagonal, nicolae_vaults_apartment_1,
          nicolae_vaults_apartment_1, layout_vaults_omnigrid
Vaults:2: nicolae_vaults_trapezoid_lopsided_4, minmay_crypt_entry_simple_plaza,
          nicolae_vaults_circle_grid_b, hangedman_vaults_locks,
          nicolae_vaults_storage_room_doors, v_rooms_4, v_rooms_3,
          nicolae_vaults_big_angled_halls, vaults_room_guarded_vault,
          nicolae_vaults_stepped_doors, nicolae_vaults_tetromino_Z_1,
          grunt_vaults_hallway_long, nicolae_vaults_apartment_1,
          vaults_room_pools, nicolae_vaults_circle_grid_b,
          layout_vaults_maze_bifur, nicolae_trove_entry_path_of_doom,
          uniq_margery
Vaults:3: nicolae_vaults_closet_pinwheel_2, vaults_standard_mumra_x,
          nicolae_vaults_house_2, v_pattern_2, nicolae_vaults_diamond_1,
          grunt_vaults_trifunnel, v_misc_24, nicolae_vaults_hexular_roomagon,
          nicolae_vaults_shock_wave, hangedman_vaults_maws,
          nicolae_vaults_storage_closets_2, ontoclasm_vaults_pinch,
          nicolae_vaults_diamond_2, layout_vaults_omnicross, uniq_saint_roka
Vaults:4: vaults_mumra_hexcomb, nicolae_vaults_windows_and_doors_thing,
          hangedman_vaults_stagger, nicolae_vaults_house_3, v_misc_13,
          nicolae_vaults_tetromino_T_1, v_misc_19,
          nicolae_vaults_hexular_roomagon, vaults_dpeg_ring,
          nicolae_vaults_house_2, layout_vaults_chaotic_city, serial_shops,
          nicolae_shop_industrial_runoff
Vaults:5: uniq_frederick, uniq_mennas
Depths:1: layout_honeycomb, nicolae_abyss_entry_one_way_or_another, pan_entry,
          hell_entry, nicolae_yredelemnul_corpse_copse, grunt_megastairs_2
Depths:2: kennysheep_scales, layout_small_grid, nicolae_ru_path_of_blood,
          rand_demon_pan_entry_7, pf_coc_iceberg, minmay_shoptagon,
          infiniplex_staircase_trident
Depths:3: nicolae_cairo_tiling, layout_cave_pools, pf_hell_entry_tar_spiral,
          grunt_decor_one_mirror, abyss_entry, pan_entry, uniq_enchantress
Depths:4: evilmike_zot_entry_castle, layout_gridlike, enter_ziggurat_b,
          hell_entry, minmay_misc_feat_more_columns, minmay_room_of_horrors,
          serial_shops, shop
Zot:1:    layout_gridlike
Zot:2:    dreamdust_zin_vs_xom, layout_onion, grunt_megastairs_1
Zot:3:    gammafunk_mikee_crab_dinner, layout_cathedral_of_symmetry,
          gammafunk_ghost_cemetery, st_stairs_8
Zot:4:    kennysheep_six_static_rooms, layout_misc_corridors,
          st_single_dragon_hoard_1
Zot:5:    layout_misc_corridors

Skill      XL: |  1  2  3  4  5  6  7  8  9 10 11 12 13 14 15 16 17 18 19 20 21 22 23 24 25 26 |
---------------+-------------------------------------------------------------------------------+-----
Short Blades   | 2 3 4 5 6 9 10 13 14 15 18 19 | 19.0
Fighting       | 3 5 6 8 10 11 12 14 15 16 17 18 21 | 21.1
Shields        | 3 4 5 8 9 12 14 16 17 18 | 18.0
Spellcasting   | 1 2 4 6 8 9 10 | 10.0
Armour         | 3 4 5 6 7 8 |  8.0
Invocations    | 3 4 5 7 9 11 13 14 15 16 | 16.0
Evocations     | 2 3 5 7 |  7.0
Dodging        | 2 3 4 6 8 9 11 13 14 15 16 | 16.0
Stealth        | 2 4 6 8 10 12 14 16 18 | 18.0
Long Blades    | 6 9 10 | 10.6
Throwing       | 3 6 |  6.0

Action                     |  1- 3 |  4- 6 |  7- 9 | 10-12 | 13-15 | 16-18 | 19-21 | 22-24 | 25-27 || total
---------------------------+-------+-------+-------+-------+-------+-------+-------+-------+-------++-------
  Melee: Dagger            |    62 |       |       |       |       |       |       |       |       ||    62
         Bite              |    27 |    58 |   115 |   390 |   655 |   759 |   754 |   812 |   568 ||  4138
         Short sword       |    76 |   158 |   277 |   273 |    11 |     2 |       |       |       ||   797
         Rapier            |       |       |    12 |   646 |  1452 |  1094 |       |       |       ||  3204
         Demon blade       |       |       |       |       |       |   483 |  1378 |  1566 |  1026 ||  4453
   Fire: Sling             |       |       |       |    13 |       |       |       |       |       ||    13
  Throw: Javelin           |       |     1 |    23 |     4 |     6 |       |       |       |       ||    34
         Dart              |       |       |     5 |     9 |    38 |    13 |     2 |     4 |       ||    71
 Invoke: Stomp             |       |     2 |     1 |     2 |     2 |       |       |       |       ||     7
         Line Pass         |       |       |     1 |     4 |    17 |     7 |     1 |     3 |     1 ||    34
         Grand Finale      |       |       |       |       |       |       |     5 |     9 |     6 ||    20
Ability: Evoke Blink       |       |       |       |       |       |       |       |     1 |       ||     1
  Evoke: Wand              |       |    10 |     8 |    19 |    14 |    30 |     8 |    12 |     2 ||   103
         Lightning rod     |       |       |       |     9 |    12 |    10 |    10 |       |     5 ||    46
         Phial of floods   |       |       |       |     1 |     1 |     2 |     3 |     1 |       ||     8
         Phantom mirror    |       |       |       |       |       |     3 |     3 |     3 |     1 ||    10
    Use: Scroll            |       |     1 |     5 |    10 |    10 |    14 |     8 |     6 |     9 ||    63
         Potion            |       |       |       |     4 |       |     4 |     2 |     4 |     6 ||    20
   Stab: Paralysed         |       |     3 |     3 |    23 |    70 |   110 |   170 |   144 |    95 ||   618
         Sleeping          |       |       |     1 |     2 |    20 |    22 |    31 |    19 |    22 ||   117
         Confused          |       |       |       |     3 |    12 |     5 |     2 |     2 |     1 ||    25
         Distracted        |       |       |       |     2 |     2 |     4 |     2 |    16 |     2 ||    28
         Petrified         |       |       |       |       |       |     3 |       |       |       ||     3
 Armour: Scale mail        |    54 |    24 |    36 |       |       |       |       |       |       ||   114
         Steam dragon scal |       |       |     7 |   110 |       |       |       |       |       ||   117
         Leather armour    |       |       |       |    34 |   174 |   141 |   106 |    25 |       ||   480
         Robe              |       |       |       |       |       |       |       |    16 |       ||    16
         Acid dragon scale |       |       |       |       |       |       |       |    78 |   179 ||   257
  Dodge: Dodged            |    41 |    38 |    58 |   315 |   470 |   238 |   321 |   352 |   306 ||  2139
  Block: Buckler           |    21 |    14 |    30 |   148 |   163 |    95 |       |    48 |       ||   519
         Tower shield      |       |       |       |       |   355 |  1403 |  1551 |  1346 |   970 ||  5625
         Reflection        |       |       |       |       |       |   136 |    75 |    31 |       ||   242

Table legend: (Time is in decaauts)
 A = Elapsed time spent in this place.
 B = Non-inter-level travel time spent in this place.
 C = Inter-level travel time spent in this place.
 D = Time resting spent in this place.
 E = Time spent auto-exploring this place.
 F = Levels seen in this place.
 G = Mean time per level.
                   A        B        C        D        E       F      G
               +--------+--------+--------+--------+--------+-----+--------+
         Total |  63366 |  55703 |   7663 |   2623 |  26460 |  50 | 1267.3 |
       Dungeon |  16826 |  13038 |   3788 |    315 |   7465 |  15 | 1121.7 |
        Temple |     54 |      7 |     47 |      0 |      0 |   1 |   54.0 |
          Lair |   6969 |   5705 |   1264 |    274 |   3056 |   5 | 1393.8 |
        Shoals |   6244 |   5997 |    247 |    617 |   1782 |   4 | 1561.0 |
     Snake Pit |   6336 |   5827 |    509 |    235 |   2230 |   4 | 1584.0 |
  Orcish Mines |   2899 |   2702 |    197 |     62 |    916 |   2 | 1449.5 |
   Elven Halls |   4345 |   4012 |    333 |    307 |   1336 |   3 | 1448.3 |
        Vaults |   7460 |   6840 |    620 |    148 |   3715 |   5 | 1492.0 |
        Depths |   6060 |   5522 |    538 |    438 |   2698 |   4 | 1515.0 |
           Zot |   4145 |   4029 |    116 |     71 |   2467 |   5 |  829.0 |
        Bailey |    860 |    860 |      0 |     51 |    172 |   1 |  860.0 |
      Ice Cave |   1165 |   1165 |      0 |    102 |    620 |   1 | 1165.0 |
               +--------+--------+--------+--------+--------+-----+--------+

Top non-repeatable levels by time:
Shoals:4: 2529 daAuts
  Lair:3: 2176 daAuts
   Orc:2: 2121 daAuts
Depths:4: 2003 daAuts
 Snake:4: 1953 daAuts
Vaults:5: 1898 daAuts
 Snake:2: 1835 daAuts
   Elf:3: 1820 daAuts
     D:8: 1642 daAuts
Depths:1: 1639 daAuts
Vaults:1: 1567 daAuts
    D:11: 1565 daAuts
  Lair:1: 1524 daAuts
    D:10: 1496 daAuts
 Snake:3: 1464 daAuts
